 Dungeon Crawl Stone Soup version 0.25.0-26-g0c896c7088 (webtiles) character file.

Game seed: 4304117041857247180

34 protoss039 the Vexing (level 3, 0/19 HPs)
             Began as a Vampire Enchanter on July 4, 2020.
             Slain by a jackal (3 damage)
             ... on level 2 of the Dungeon.
             The game lasted 00:05:03 (1207 turns).

protoss039 the Vexing (Vampire Enchanter)           Turns: 1207, Time: 00:05:04

Health: 0/19       AC:  2    Str:  7    XL:     3   Next: 14%
Magic:  2/6        EV: 13    Int: 17    God:
Gold:   50         SH:  0    Dex: 15    Spells: 0/6 levels left

rFire    . . .     SeeInvis +   a - +1 dagger
rCold    + + .     Gourm    .   (no shield)
rNeg     + + +     Faith    .   b - +0 robe
rPois    ∞         Spirit   .   (no helmet)
rElec    .         Reflect  .   (no cloak)
rCorr    .         Harm     .   (no gloves)
MR       .....                  (no boots)
Stlth    +++++.....             (no amulet)
HPRegen  0.00/turn              (no ring)
MPRegen  0.10/turn              (no ring)

@: bloodless
A: no food, fangs 3, see invisible, unbreathing
a: Bat Form, Revivify


You were on level 2 of the Dungeon.
You were bloodless.

You visited 1 branch of the dungeon, and saw 2 of its levels.

You collected 50 gold pieces.

Inventory:

Hand Weapons
 a - a +1 dagger (weapon)
Armour
 b - a +0 robe (worn)
Jewellery
 i - a +6 ring of intelligence {unknown}
Scrolls
 c - a scroll of identify {unknown}
 e - a scroll of random uselessness {unknown}
 g - a scroll of fog {unknown}
Potions
 d - a potion of brilliance {unknown}
 f - a potion of lignification {unknown}
 h - a potion of might {unknown}
 j - a potion of haste {unknown}
 k - a potion of flight {unknown}


   Skills:
 + Level 1.4 Short Blades
 + Level 2.4 Dodging
 + Level 5.0 Stealth
 + Level 2.3 Spellcasting
 + Level 5.1 Hexes


You couldn't memorise any spells.
You knew the following spells:

 Your Spells              Type           Power        Failure   Level  Hunger
a - Corona                Hex            ###....      2%          1    N/A
b - Confusing Touch       Hex            ###.....     7%          3    N/A
c - Ensorcelled Hibernat  Hex/Ice        ##....       10%         2    N/A

Your spell library contained the following spells:

 Spells                   Type           Power        Failure   Level  Hunger
 Tukima's Dance           Hex            ###.....     7%          3    N/A
 Dazzling Flash           Conj/Hex       ##....       21%         3    N/A

Dungeon Overview and Level Annotations

Branches:
Dungeon (2/15)

Altars:

Annotations:
D:1 4 exclusions


Innate Abilities, Weirdness & Mutations

You do not eat.
You do not regenerate when monsters are visible.
You are frail without blood (-20% HP).
You can heal yourself when you bite living creatures.
You are immune to poison.
You have razor-sharp teeth.
You have supernaturally acute eyesight. (SInv)
You can survive without breathing.


Message History

The jackal is moderately wounded.
The jackal barely misses you.
Casting: Corona (safe; 2% risk of failure)
Confirm with . or Enter, or press ? or * to list all spells.
You don't have enough magic to cast that spell.
A jackal is nearby!
Casting: Corona (safe; 2% risk of failure)
Confirm with . or Enter, or press ? or * to list all spells.
You don't have enough magic to cast that spell.
You hit the jackal. Your bite misses the jackal.
The jackal is heavily wounded.
The jackal closely misses you.
You hit the jackal but do no damage.
The jackal is heavily wounded.
The jackal barely misses you.
The jackal bites you but does no damage.
You hit the jackal.
The jackal is almost dead.
The jackal bites you.
You die...

#############
............#
###########.# #####.#
#.....#########
#.....#..h@)..# ###
#.....#.#####.######..
...
+.....................
###
#.....#.#####K######.#
... ........#.#
#......#.# ..#
#####.#.#.#####..#K..#.#
.# #.#..........#.....#
. . #
#.#...####...#.....# .#
. #+#+#........###...#
..


You could see a jackal (corona).

Vanquished Creatures
  A leopard gecko (D:1)
  A ball python (D:1)
  4 bats
  2 giant cockroaches (D:1)
  8 goblins
  2 hobgoblins (D:1)
  A jackal (D:2)
  5 kobolds
  A quokka (D:2)
  A frilled lizard (D:1)
  A rat (D:1)
27 creatures vanquished.

Notes
Turn   | Place    | Note
-------+----------+-------------------------------------------
     0 | D:1      | protoss039 the Vampire Enchanter began the quest for the
                  | Orb.
     0 | D:1      | Reached XP level 1. HP: 13/13 MP: 3/3
   246 | D:1      | Reached XP level 2. HP: 19/19 MP: 5/5
   438 | D:1      | Reached skill level 5 in Stealth
   488 | D:1      | Reached skill level 5 in Hexes
   899 | D:2      | Noticed an ice beast
   923 | D:1      | Reached XP level 3. HP: 5/24 MP: 4/6
   929 | D:1      | Learned a level 3 spell: Confusing Touch
   932 | D:1      | Learned a level 2 spell: Ensorcelled Hibernation
  1207 | D:2      | Slain by a jackal

Illustrated notes

Levels and vault maps discovered:
D:1:      noname_arrival_rooms_in_the_neighbourhood, layout_loops_corners
D:2:      layout_basic, serial_glass, glass_columns_a, glass_columns_a,
          glass_columns_b

Skill      XL: |  1  2 |
---------------+-------+-----
Stealth        | 5 |  5.0
Hexes          | 5 |  5.1
Short Blades   | |  1.4
Dodging        | |  2.4
Spellcasting   | |  2.3

Action                   || total
-------------------------++-------
Melee: Dagger            ||    91
       Bite              ||     3
 Cast: Corona            ||    27
 Abil: Exsanguinate      ||     1
 Stab: Sleeping          ||     6
Armor: Robe              ||    20
Dodge: Dodged            ||    95
